 Dungeon Crawl Stone Soup version 0.27-a0-1529-g1e82c303ef (webtiles) character file.

Game seed: 14478398067750584476

2247 jt the Blocker (level 9, 0/51 HPs)
             Began as a Gargoyle Fighter on July 11, 2021.
             Was a Priest of Zin.
             Slain by an unseen horror (6 damage)
             ... on level 7 of the Dungeon.
             The game lasted 00:22:56 (6842 turns).

jt the Blocker (Gargoyle Fighter)                   Turns: 6842, Time: 00:22:57

Health: 0/51       AC: 21    Str: 22    XL:     9   Next: 37%
Magic:  13/13      EV:  5    Int: 10    God:    Zin [***...]
Gold:   44         SH: 11    Dex:  9    Spells: 8/8 levels left

rFire    . . .     SeeInvis .   a - +1 flail
rCold    . . .     Faith    .   c - +0 kite shield
rNeg     + . .     Spirit   .   w - +0 plate armour
rPois    ∞         Reflect  .   y - +1 helmet
rElec    +         Harm     .   (no cloak)
rCorr    .         Rampage  .   t - +0 pair of gloves
Will     .....                  (no boots)
Stlth    ..........             (no amulet)
HPRegen  0.17/turn              (no ring)
MPRegen  0.13/turn              (no ring)

@: hasted, very quick
A: sickness immunity, AC +6, negative energy resistance 1, electricity
resistance, torment resistance 1, petrification resistance
a: Renounce Religion, Recite, Vitalisation, Imprison, Donate Gold


You were on level 7 of the Dungeon.
You worshipped Zin.
Zin was most pleased with you.
You visited 2 branches of the dungeon, and saw 8 of its levels.

You collected 164 gold pieces.
You spent 104 gold pieces at shops.
You donated 16 gold pieces to Zin.

Inventory:

Hand Weapons
 a - a +1 flail (weapon)
 b - a +0 hunting sling
 f - a +2 short sword of venom
 g - a +0 hand crossbow
 n - a +1 dagger of freezing
 r - a +0 hand axe
Missiles
 e - 130 stones
 h - 27 poisoned darts (quivered)
 k - 12 javelins
 o - 37 arrows
 u - 3 boomerangs
 A - 20 sling bullets
Armour
 c - a +0 kite shield (worn)
 t - a +0 pair of gloves (worn)
 w - a +0 plate armour (worn)
 x - a +0 ring mail of cold resistance
 y - a +1 helmet (worn)
 F - a +2 leather armour of cold resistance
Jewellery
 v - a ring of ice
Scrolls
 s - a scroll of enchant weapon
Potions
 d - 2 potions of might
 i - a potion of mutation
 m - 2 potions of berserk rage
 p - a potion of magic
 q - a potion of brilliance
 z - a potion of ambrosia
 D - a potion of lignification
 E - a potion of cancellation


   Skills:
 - Level 3.2 Fighting
 + Level 7.6 Maces & Flails
 - Level 3.2 Armour
 + Level 8.8 Shields
 + Level 6.6 Invocations


You had 8 spell levels left.
You didn't know any spells.
Your spell library contained the following spells:

 Spells                   Type           Power      Damage    Failure   Level
 Magic Dart               Conj           0%         1d3       100%        1
 Call Imp                 Summ           0%         N/A       100%        2
 Mephitic Cloud           Conj/Pois/Air  0%         N/A       100%        3
 Passage of Golubria      Tloc           N/A        N/A       100%        4
 Silence                  Hex/Air        0%         N/A       100%        5
 Lehudib's Crystal Spear  Conj/Erth      0%         10d2      100%        8


Dungeon Overview and Level Annotations

Branches:
Dungeon (7/15)             Temple (1/1) D:5

Altars:
Elyvilon
Gozag
Hepliaklqana
Makhleb
Ru
Vehumet
Yredelemnul
Zin
The Shining One

Shops:
D:5 (   D:6 [!!??

Annotations:
D:5 1 runed translucent door
D:6 Maggie


Innate Abilities, Weirdness & Mutations

You are immune to sickness and miasma.
Your stone body is resilient. (AC +6)
You are immune to poison.
You resist negative energy. (rN+)
You are resistant to electric shocks. (rElec)
You are resistant to unholy torment.
You are immune to petrification.


Message History

Something hits you but does no damage. You block something's attack.
Something hits you but does no damage. Something hits you but does no damage.
Something hits you but does no damage. Something hits you but does no damage.
Something hits you.
* * * LOW HITPOINT WARNING * * *
Something hits you but does no damage. You block something's attack.
You miss something. You block something's attack.
You aren't carrying any items that you can evoke.
Unknown command.
Throw: 31 darts (poison)
Press: ? - help, Q - select action, (/) - cycle Shift-Dir - straight line, f - you You throw a poisoned dart.
Something hits you but does no damage. You block something's attack.
You closely miss something. Something hits you but does no damage.
Something hits you but does no damage. x2
You see here a poisoned dart.
Something hits you but does no damage. You block something's attack.
You barely miss something. You block something's attack.
You hit something. Something hits you!
* * * LOW HITPOINT WARNING * * *
Something hits you but does no damage.
Throw: 30 darts (poison)
Press: ? - help, Q - select action, (/) - cycle Shift-Dir - straight line, f - you You throw a poisoned dart.
You block something's attack.
Throw: 29 darts (poison)
Press: ? - help, Q - select action, (/) - cycle Shift-Dir - straight line, f - you You throw a poisoned dart.
Something hits you but does no damage. x2
You sock something! Something hits you but does no damage.
Throw: 28 darts (poison)
Press: ? - help, Q - select action, (/) - cycle Shift-Dir - straight line, f - you You throw a poisoned dart.
Something hits you.
You die...

### #.# .. ###### ###.# . ....
[.[..#########.#@# #.##....
#####[..)......#(# ..#....
#............##(# ###.#....
#............##.# #........
#............##.# #.§§≈≈≈≈≈
..............##.# #........
..............##.# #.≈.≈≈≈§§
#.............##(########.≈...§§≈
#.........#.####...)......≈.._.§§


There were no monsters in sight!

Vanquished Creatures
  Grinder (D:5)
  A steam dragon (D:7)
  Menkaure (D:5)
  Duvessa (D:6)
  An orc warrior (D:6)
  3 ogres
  2 necrophages (D:4)
  2 phantoms
  2 bullfrogs
  Blork the orc (D:4)
  2 scorpions (D:6)
  Dowan (D:6)
  A howler monkey (D:4)
  3 orc priests (D:7)
  2 jellies
  A bullfrog skeleton (D:5)
  A centaur skeleton (D:6)
  5 iguanas
  Natasha (twice) (D:3)
  3 orc wizards
  A hound zombie (D:5)
  8 adders
  A white imp (D:4)
  An adder skeleton (D:4)
  6 orcs
  4 bats (D:2)
  7 endoplasms
  2 giant cockroaches
  3 goblins
  9 hobgoblins
  16 jackals
  3 quokkas (D:2)
  3 ball pythons (D:1)
  3 frilled lizards
  A jackal zombie (D:5)
  6 kobolds
  7 rats
117 creatures vanquished.

Notes
Turn   | Place    | Note
-------+----------+-------------------------------------------
     0 | D:1      | jt the Gargoyle Fighter began the quest for the Orb.
     0 | D:1      | Reached XP level 1. HP: 14/14 MP: 1/1
   143 | D:1      | Reached XP level 2. HP: 16/19 MP: 2/2
   492 | D:1      | Found a faded altar of an unknown god.
   500 | D:1      | Became a worshipper of Zin the Law-Giver
   500 | D:1      | Reached * piety under Zin
   646 | D:1      | Reached XP level 3. HP: 18/23 MP: 3/3
   649 | D:1      | Reached skill level 4 in Shields
  1348 | D:2      | Reached XP level 4. HP: 25/28 MP: 4/4
  1907 | D:3      | Reached ** piety under Zin
  2104 | D:3      | Noticed Natasha
  2242 | D:3      | Killed Natasha
  2243 | D:3      | Reached skill level 5 in Shields
  2243 | D:3      | Reached XP level 5. HP: 27/32 MP: 5/5
  2352 | D:3      | Noticed Natasha
  2373 | D:3      | Killed Natasha
  2568 | D:4      | Noticed a necrophage
  2803 | D:4      | Found a glowing golden altar of the Shining One.
  2866 | D:4      | Killed a necrophage
  2867 | D:4      | Reached skill level 1 in Invocations
  2867 | D:4      | Reached XP level 6. HP: 27/37 MP: 6/6
  3132 | D:4      | Noticed Blork the orc
  3139 | D:4      | Killed Blork the orc
  3140 | D:4      | Reached skill level 5 in Maces & Flails
  3140 | D:4      | Reached skill level 6 in Shields
  3140 | D:4      | Reached XP level 7. HP: 22/41 MP: 8/8
  3402 | D:4      | Found a sacrificial altar of Ru.
  3426 | D:4      | Found a burning altar of Makhleb.
  3778 | D:5      | Entered Level 5 of the Dungeon
  3851 | D:5      | Found an opulent altar of Gozag.
  3951 | D:5      | Noticed Menkaure
  3964 | D:5      | Killed Menkaure
  4076 | D:5      | Reached XP level 8. HP: 46/46 MP: 10/10
  4091 | D:5      | Reached skill level 7 in Shields
  4125 | D:5      | Found a runed translucent door.
  4148 | D:5      | Found a basalt altar of Yredelemnul.
  4163 | D:5      | Found Linkau's Weapon Shoppe.
  4174 | D:5      | Found a staircase to the Ecumenical Temple.
  4228 | Temple   | Entered the Ecumenical Temple
  4722 | D:5      | Noticed Grinder
  4740 | D:5      | Paralysed by Grinder for 5 turns
  4747 | D:5      | Killed Grinder
  4909 | D:6      | Reached *** piety under Zin
  4942 | D:6      | Reached skill level 5 in Invocations
  5049 | D:6      | Noticed Maggie
  5049 | D:6      | Paralysed by Maggie for 4 turns
  5057 | D:6      | Found Jofocen's Distillery.
  5063 | D:6      | Bought a potion of heal wounds for 65 gold pieces
  5063 | D:6      | Bought a potion of lignification for 39 gold pieces
  5069 | D:6      | Found Etsiemu's Magic Scroll Shop.
  5079 | D:6      | Found Vuixydup's Distillery.
  5325 | D:6      | Found Ziof's Magic Scroll Emporium.
  5369 | D:6      | Noticed Duvessa
  5370 | D:6      | Noticed Dowan
  5389 | D:6      | Killed Duvessa
  5390 | D:6      | Reached skill level 8 in Shields
  5398 | D:6      | Killed Dowan
  5488 | D:6      | Reached XP level 9. HP: 45/51 MP: 13/13
  5687 | D:6      | Paralysed by Maggie for 6 turns
  5697 | D:6      | Found a radiant altar of Vehumet.
  5916 | D:6      | Found Lupet's Armour Emporium.
  6754 | D:7      | Found a white marble altar of Elyvilon.
  6842 | D:7      | Slain by an unseen horror

Illustrated notes

Levels and vault maps discovered:
D:1:      tarquinn_simple_flora_water_a, layout_loops_cross,
          shapermc_ecumenical_altar_pompeii
D:2:      layout_basic, minmay_quantized
D:3:      layout_rooms, uniq_natasha
D:4:      layout_loops_ring, mainiacjoe_overflow_catwalk,
          mainiacjoe_overflow_24_doors, mainiacjoe_overflow_surrounded_room,
          uniq_blork_the_orc
D:5:      layout_basic, old_standard_altar, dk_yredelemnul_ordeal,
          minmay_temple_entry_stoned_glass, serial_shops, shop, uniq_menkaure,
          uniq_grinder
D:6:      layout_loops_corners, lemuel_coloured_pillars_altar, serial_shops,
          nicolae_shop_trees, shop, shop, nicolae_take_the_stairs,
          kennysheep_little_box, uniq_duvessa, uniq_maggie
D:7:      layout_basic, mainiacjoe_overflow_cross_hatched,
          gammafunk_ghost_necromancy, kennysheep_cluttered_room,
          kennysheep_opposing_triangles
Temple:   eino_wide_crystal_templ

Skill      XL: |  1  2  3  4  5  6  7  8  9 |
---------------+----------------------------+-----
Shields        | 4 5 6 8 |  8.8
Maces & Flails | 3 4 5 7 |  7.6
Invocations    | 1 2 3 5 6 |  6.6
Fighting       | |  3.2
Armour         | |  3.2

Action                   |  1- 3 |  4- 6 |  7- 9 || total
-------------------------+-------+-------+-------++-------
Melee: Flail             |   121 |   151 |   256 ||   528
 Fire: Hunting sling     |       |       |    24 ||    24
Throw: Stone             |     3 |     3 |       ||     6
       Dart              |       |       |    11 ||    11
Invok: Recite            |       |     2 |    16 ||    18
Evoke: Wand              |       |       |     6 ||     6
  Use: Scroll            |       |     8 |    10 ||    18
       Potion            |       |       |     9 ||     9
Armor: Scale mail        |    57 |    42 |       ||    99
       Plate armour      |       |    53 |   176 ||   229
Dodge: Dodged            |    37 |    32 |    30 ||    99
Block: Kite shield       |    65 |    83 |   126 ||   274

Table legend: (Time is in decaauts)
 A = Elapsed time spent in this place.
 B = Non-inter-level travel time spent in this place.
 C = Inter-level travel time spent in this place.
 D = Time resting spent in this place.
 E = Time spent auto-exploring this place.
 F = Levels seen in this place.
 G = Mean time per level.
                   A        B        C        D        E       F      G
               +--------+--------+--------+--------+--------+-----+--------+
         Total |   7035 |   6829 |    206 |   2165 |   2358 |   8 |  879.4 |
       Dungeon |   7034 |   6828 |    206 |   2165 |   2358 |   7 | 1004.9 |
        Temple |      1 |      1 |      0 |      0 |      0 |   1 |    1.0 |
               +--------+--------+--------+--------+--------+-----+--------+

Top non-repeatable levels by time:
     D:6: 1543 daAuts
     D:4: 1270 daAuts
     D:5: 1178 daAuts
     D:1: 1085 daAuts
     D:3: 850 daAuts
     D:2: 727 daAuts
     D:7: 378 daAuts
  Temple: 1 daAuts
